 Dungeon Crawl Stone Soup version 0.28-a0-1493-g08698888e4 (webtiles) character file.

Game seed: 4920882349756702420

226 squill the Conjurer (level 6, 0/50 HPs)
             Began as a Hill Orc Conjurer on Jan 13, 2022.
             Was an Initiate of Okawaru.
             Slain by a sky beast (6 damage)
             ... on level 6 of the Dungeon.
             The game lasted 00:06:59 (3146 turns).

squill the Conjurer (Hill Orc Conjurer)             Turns: 3146, Time: 00:06:59

Health: 0/50       AC:  3    Str: 13 (16) XL:     6   Next: 1%
Magic:  4/9        EV: 11    Int: 17 (20) God:    Okawaru [......]
Gold:   43         SH:  0    Dex:  6 (9)  Spells: 6/9 levels left

rFire   . . .      SeeInvis .   c - +0 hand axe
rCold   . . .      Faith    .   (no shield)
rNeg    . . .      Spirit   .   f - +0 leather armour
rPois   .          Reflect  .   (no helmet)
rElec   .          Harm     .   (no cloak)
rCorr   .          Rampage  .   (no gloves)
Will    .....                   (no boots)
Stlth   +.........              (no amulet)
HPRegen 0.16/turn               b - +6 ring of strength
MPRegen 0.11/turn               (no ring)

@: confused, flying
A: no striking features
a: Renounce Religion


You were on level 6 of the Dungeon.
You worshipped Okawaru.
Okawaru was noncommittal.
You visited 2 branches of the dungeon, and saw 5 of its levels.

You collected 43 gold pieces.

Inventory:

Hand Weapons
 c - a +0 hand axe (weapon)
Armour
 f - a +0 leather armour (worn)
 i - a +2 helmet
Jewellery
 b - a +6 ring of strength (left hand)
 m - a +4 ring of evasion
Scrolls
 e - a scroll of vulnerability {unknown}
 g - 4 scrolls of identify {unknown}
 h - 5 scrolls of noise {unknown}
 n - a scroll of immolation {unknown}
 o - a scroll of magic mapping {unknown}
Potions
 a - 2 potions of flight
 d - 2 potions of degeneration
 j - a potion of lignification {unknown}
 k - a potion of curing {unknown}
 l - a potion of haste {unknown}


   Skills:
 + Level 2.6 Fighting
 + Level 2.9 Axes
 + Level 2.4 Armour
 - Level 1.5 Dodging
 - Level 1.5 Stealth
 + Level 2.4 Spellcasting
 + Level 4.8 Conjurations


You had 6 spell levels left.
You knew the following spells:

 Your Spells              Type           Power      Damage    Failure   Level
a - Magic Dart            Conj           72%        1d6       3%          1
b - Searing Ray           Conj           36%        2d5       4%          2

Your spell library contained the following spells:

 Spells                   Type           Power      Damage    Failure   Level
 Dazzling Flash           Conj/Hex       20%        N/A       26%         3
 Fulminant Prism          Conj/Hex       5%         3d7       65%         4
 Iskenderun's Mystic Bla  Conj/Tloc      10%        2d4       65%         4
 Passage of Golubria      Tloc           2%         N/A       93%         4
 Yara's Violent Unravell  Hex/Tmut       1%         3d3       100%        5
 Tukima's Dance           Hex            Unusable   N/A       N/A         3

Dungeon Overview and Level Annotations

Branches:
Dungeon (6/15)             Temple (1/1) D:6

Altars:
Ashenzari
Cheibriados
Dithmenos
Elyvilon
Fedhas
Gozag
Makhleb
Nemelex Xobeh
Okawaru
Trog
Wu Jian
Xom
The Shining One


Message History

An orc comes into view. It is wielding a +0 flail.
The orc shouts!
The sky beast flickers out of sight!
Deactivating autopickup; reactivate with Ctrl-A.
The orc wizard gestures wildly while chanting.
The orc wizard flickers and vanishes!
The phantom hits you.
There is a stone staircase leading up here.
A sky beast appears from thin air!
Reactivating autopickup.
The phantom hits you.
The phantom blinks!
You blink.
You stop ascending the stairs.
A magic dart appears from out of thin air!
Deactivating autopickup; reactivate with Ctrl-A.
The magic dart hits you.
There is an open door here.
You see here a scorpion corpse.
Casting: Searing Ray (safe; 3% risk of failure)
Confirm with . or Enter, or press ? or * to list all spells.
Aiming: Searing Ray (safe; 3% risk of failure)
Press: ? - help, Shift-Dir - straight line, f - phantom
Aim: a phantom (69% to hit)
The searing ray hits the phantom!
The phantom is moderately damaged. (Press . to maintain the ray.)
The phantom hits you!
The phantom blinks!
You blink.
The sky beast flickers out of sight!
Something hits you. Something shocks you.
You are confused.
It was a potion of flight.
You feel very buoyant.
You fly up into the air.
The phantom closely misses you.
It was a potion of degeneration.
There was something very wrong with that liquid.
You feel weakened.
You feel dopey.
You feel clumsy. Something hits you. Something shocks you.
* * * LOW HITPOINT WARNING * * *
The phantom closely misses you.
You're too confused to move!
Something hits you.
* * * LOW HITPOINT WARNING * * *
Something shocks you.
You die...

...#.#.####......# #
####.#.#....'......#
#...#.#......######......#
....#.#.#§.#....)##......#
..........'...[.+.......#
#...#..###.....##......#
####.##..# #.....##......#
.........###.....##......#
###...{.@#########.....##
##....W#########.....#
#....o#.............#
##..#'##...[.........#
#...#.##.........#####
#.....##...........#
#.....§†...........#
#.........######..)#
####......# #...#


You could see a phantom and an orc.

Vanquished Creatures
  A scorpion (D:6)
  A hound (D:6)
  Jessica (D:2)
  A killer bee zombie (D:6)
  Robin (D:2)
  2 adders (D:2)
  2 orcs (D:6)
  4 endoplasms
  2 giant cockroaches (D:2)
  9 goblins
  11 hobgoblins
  3 jackals (D:2)
  3 quokkas
  3 ball pythons (D:2)
  2 bats (D:2)
  A frilled lizard (D:2)
  5 kobolds
  A rat (D:1)
53 creatures vanquished.

Notes
Turn   | Place    | Note
-------+----------+-------------------------------------------
     0 | D:1      | squill the Hill Orc Conjurer began the quest for the Orb.
     0 | D:1      | Reached XP level 1. HP: 14/14 MP: 3/3
   223 | D:1      | Reached XP level 2. HP: 22/22 MP: 0/4
   226 | D:1      | Learned a level 2 spell: Searing Ray
  1074 | D:2      | Reached skill level 1 in Fighting
  1281 | D:2      | Reached skill level 1 in Armour
  1355 | D:2      | Reached skill level 1 in Axes
  1355 | D:2      | Reached XP level 3. HP: 28/28 MP: 0/5
  1435 | D:2      | Noticed Robin
  1490 | D:2      | Killed Robin
  1507 | D:1      | Reached XP level 4. HP: 21/35 MP: 2/6
  2029 | D:2      | Found a faded altar of an unknown god.
  2408 | D:2      | Noticed Jessica
  2414 | D:2      | Killed Jessica
  2748 | D:3      | You fall into a shaft and drop 3 floors!
  2772 | D:6      | Reached XP level 5. HP: 28/41 MP: 1/8
  2914 | D:6      | Noticed a phantom
  2958 | D:6      | Found a staircase to the Ecumenical Temple.
  2966 | Temple   | Entered the Ecumenical Temple
  3042 | Temple   | Became a worshipper of Warmaster Okawaru
  3103 | D:6      | Reached XP level 6. HP: 48/50 MP: 1/9
  3124 | D:6      | Noticed a sky beast
  3146 | D:6      | Slain by a sky beast

Illustrated notes

Levels and vault maps discovered:
D:1:      minmay_arrival_jagged, layout_loops_ring
D:2:      layout_loops_corners, shapermc_ecumenical_altar_notcrosses,
          uniq_robin, uniq_jessica
D:3:      minmay_thinvault, layout_basic, nicolae_overflow_crystal_walls
D:6:      layout_basic, minmay_temple_entry_junction, st_stairs_1,
          chequers_serial_rivers_large_a
Temple:   dshaligram_water_room_temple

Skill      XL: |  1  2  3  4 |
---------------+-------------+-----
Fighting       | 1 2 |  2.6
Armour         | 1 2 |  2.4
Axes           | 1 2 |  2.9
Spellcasting   | 2 |  2.4
Dodging        | |  1.5
Stealth        | |  1.5
Conjurations   | |  4.8

Action                   |  1- 3 |  4- 6 || total
-------------------------+-------+-------++-------
Melee: Hand axe          |    37 |    19 ||    56
       Punch             |       |     1 ||     1
 Cast: Magic Dart        |    34 |    28 ||    62
       Searing Ray       |     4 |    10 ||    14
  Use: Potion            |       |     2 ||     2
Armor: Leather armour    |     9 |     8 ||    17
Dodge: Dodged            |    26 |    28 ||    54

Table legend: (Time is in decaauts)
 A = Elapsed time spent in this place.
 B = Non-inter-level travel time spent in this place.
 C = Inter-level travel time spent in this place.
 D = Time resting spent in this place.
 E = Time spent auto-exploring this place.
 F = Levels seen in this place.
 G = Mean time per level.
                   A        B        C        D        E       F      G
               +--------+--------+--------+--------+--------+-----+--------+
         Total |   3160 |   3102 |     58 |    663 |   1906 |   5 |  632.0 |
       Dungeon |   3067 |   3024 |     43 |    663 |   1890 |   4 |  766.8 |
        Temple |     92 |     77 |     15 |      0 |     16 |   1 |   92.0 |
               +--------+--------+--------+--------+--------+-----+--------+

Top non-repeatable levels by time:
     D:2: 1632 daAuts
     D:1: 1077 daAuts
     D:6: 305 daAuts
  Temple: 92 daAuts
     D:3: 51 daAuts
